 Dungeon Crawl Stone Soup version 0.31.0-4-g52a2dc7128 (webtiles) character file.

Game seed: 11740011878944100636

79 Hopman the Shooter (level 4, -8/23 HPs)
             Began as a Spriggan Hunter on Jan 22, 2024.
             Was a Follower of Nemelex Xobeh.
             Killed from afar by Ijyb (13 damage)
             ... with a puff of flame
             ... on level 2 of the Dungeon.
             The game lasted 00:07:10 (1324 turns).

Hopman the Shooter (Spriggan Hunter)                Turns: 1324, Time: 00:07:10

Health: -8/23      AC:  4    Str:  7    XL:     4   Next: 17%
Magic:  5/5        EV: 19    Int: 10    God:    Nemelex Xobeh [*.....]
Gold:   96         SH:  0    Dex: 20    Spells: 3/3 levels left

rFire   . . .        a - +0 shortbow
rCold   . . .        (shield currently unavailable)
rNeg    . . .        c - +0 robe
rPois   .            k - +2 hat
rElec   .            (no cloak)
rCorr   .            (gloves unavailable)
SInv    +            (boots unavailable)
Will    .....        (no amulet)
Stlth   +++          (no ring)
HPRegen 0.23/turn    (no ring)
MPRegen 0.09/turn

%: no passive effects
@: very quick
A: very small, no large weapons, unfitting armour, see invisible, speed 3
a: Renounce Religion, Draw Escape, Draw Destruction, Draw Summoning


You were on level 2 of the Dungeon.
You worshipped Nemelex Xobeh.
Nemelex Xobeh was aware of your devotion.
You visited 1 branch of the dungeon, and saw 3 of its levels.

You collected 96 gold pieces.

Inventory:

Hand Weapons
 a - a +0 shortbow (weapon)
 l - a +4 dagger of electrocution
Missiles
 m - a throwing net
Armour
 c - a +0 robe (worn)
 e - the +1 helmet "Tiphuz" {rPois Regen+ Dex+4}
   (You took it off Robin on level 2 of the Dungeon)

   Dex+4:     It affects your dexterity (+4).
   rPois:     It protects you from poison Regen+: It increases your rate of
   health regeneration.
 k - a +2 hat (worn)
Scrolls
 b - a scroll of butterflies
 d - a scroll of amnesia
 g - 2 scrolls of identify {unknown}
 n - a scroll of enchant armour {unknown}
 o - a scroll of enchant weapon {unknown}
Potions
 h - 2 potions of might {unknown}
 i - 2 potions of curing {unknown}
 j - a potion of enlightenment {unknown}
 p - a potion of degeneration {unknown}
 q - a potion of berserk rage {unknown}


   Skills:
 + Level 2.2 Fighting
 * Level 4.5 Ranged Weapons
 + Level 3.7 Dodging
 * Level 3.4 Stealth
 + Level 0.0 Invocations


You had 3 spell levels left.
You didn't know any spells.
Your spell library was empty.

Dungeon Overview and Level Annotations

Branches:
Dungeon (3/15)

Altars:
Nemelex Xobeh

Annotations:
D:2 Ijyb


Innate Abilities, Weirdness & Mutations

You are very small and have problems with some larger weapons.
You are too small for most types of armour.
You have supernaturally acute eyesight. (SInv)
You cover ground extremely quickly. (Speed+++)


Message History

You climb downwards.
Level annotation: Ijyb
There is a stone staircase leading up here.
Things that are here:
a +0 dagger; a goblin skeleton
Things that are here:
a +0 dagger; a goblin skeleton
Things that are here:
a +0 club; a goblin skeleton
There is a stone staircase leading down here.
Fire: a) +0 shortbow
Press: ? - help, Q - select action, (/) - cycle Shift-Dir - straight line, f - Ijyb
Aim: Ijyb, wielding a +0 dagger, wearing a +3 leather armour of willpower and carrying a wand of flame (59% to hit)
You shoot an arrow. The arrow hits Ijyb but does no damage.
Fire: a) +0 shortbow
Press: ? - help, Q - select action, (/) - cycle Shift-Dir - straight line, f/p - Ijyb
Aim: Ijyb, wielding a +0 dagger, wearing a +3 leather armour of willpower and carrying a wand of flame (59% to hit)
You shoot an arrow. The arrow barely misses Ijyb.
Ijyb zaps a wand.
The puff of flame hits you!
Fire: a) +0 shortbow
Press: ? - help, Q - select action, (/) - cycle Shift-Dir - straight line, f/p - Ijyb
Aim: Ijyb, wielding a +0 dagger, wearing a +3 leather armour of willpower and carrying a wand of flame (59% to hit)
You shoot an arrow. The arrow hits Ijyb but does no damage.
Fire: a) +0 shortbow
Press: ? - help, Q - select action, (/) - cycle Shift-Dir - straight line, f/p - Ijyb
Aim: Ijyb, wielding a +0 dagger, wearing a +3 leather armour of willpower and carrying a wand of flame (59% to hit)
You shoot an arrow. The arrow barely misses Ijyb.
Things that are here:
6 stones; a +0 club Ijyb zaps a wand.
The puff of flame hits you!
* * * LOW HITPOINT WARNING * * *
Things that are here:
a +0 dagger; a goblin skeleton
Things that are here:
a +0 dagger; a goblin skeleton Ijyb zaps a wand.
The puff of flame misses you.
Ijyb zaps a wand.
The puff of flame hits you!
Ouch! That really hurt!
You die...
Your body disappears without a glow.

#..............
#....########..
#.)....#####..#
#....#....)>.#.
######>.....[#รท
####g.#####...
#####)...## ##<.
#..))(#### #..
#@.#### #.#
##...# #.# ###.#
#####.. #.#####
#..###. #.....#
#...### #.....#
###..## ##....#
#...# #....#
#.#.. #....#
#.##.


You could see Ijyb.

Vanquished Creatures
  Robin (D:2)
  An adder (D:2)
  2 dart slugs
  3 bats
  2 endoplasms (D:2)
  A giant cockroach (D:1)
  19 goblins
  6 hobgoblins
  2 quokkas (D:1)
  3 ball pythons (D:1)
  3 frilled lizards
  2 kobolds
  3 rats
48 creatures vanquished.

Notes
Turn   | Place    | Note
-------+----------+-------------------------------------------
     0 | D:1      | Hopman the Spriggan Hunter began the quest for the Orb.
     0 | D:1      | Reached XP level 1. HP: 10/10 MP: 2/2
    42 | D:1      | You fall into a shaft and drop 1 floor!
   137 | D:1      | Reached XP level 2. HP: 15/15 MP: 3/3
   410 | D:1      | Reached XP level 3. HP: 18/18 MP: 4/4
   774 | D:2      | Identified the +1 helmet "Tiphuz" {rPois Regen+ Dex+4}
   774 | D:2      | Noticed Robin
   869 | D:2      | Killed Robin
   926 | D:2      | Reached XP level 4. HP: 23/23 MP: 5/5
   974 | D:2      | Noticed a shining eye
   975 | D:2      | Noticed a great orb of eyes
   977 | D:2      | Found a faded altar of an unknown god.
   978 | D:2      | Noticed a shining eye
   978 | D:2      | Noticed an eye of devastation
   983 | D:2      | Prayed at the altar of an unknown god.
   983 | D:2      | Became a worshipper of Nemelex Xobeh the Trickster
   983 | D:2      | Reached * piety under Nemelex Xobeh
  1212 | D:3      | Noticed Ijyb
  1324 | D:2      | Killed from afar by Ijyb

Illustrated notes

Levels and vault maps discovered:
D:1:      tarquinn_simple_flora_water_b, layout_rooms, hex_tiny,
          minmay_tetromino_s4
D:2:      layout_rooms, hellmonk_ecumenical_altar_watching_god, uniq_robin
D:3:      minmay_razor_zed, layout_basic, dk_yredelemnul_ordeal,
          amcnicky_mini_corridor_feature, minmay_snake_closets, uniq_ijyb,
          uniq_crazy_yiuf_cottage

Skill      XL: |  1  2  3 |
---------------+----------+-----
Stealth        | 2 3 |  3.4
Dodging        | 3 |  3.7
Fighting       | 2 |  2.2
Ranged Weapons | |  4.5

Action                     |  1- 3 |  4- 6 || total
---------------------------+-------+-------++-------
   Fire: Shortbow          |   115 |    21 ||   136
    Use: Scroll            |       |     3 ||     3
 Armour: Robe              |    20 |     5 ||    25
  Dodge: Dodged            |    34 |     8 ||    42
